 Dungeon Crawl Stone Soup version 0.26-b1-45-g23770d1d51 (webtiles) character file.

Game seed: 5699011704211327617

492 radhat240 the Skirmisher (level 7, -4/61 HPs)
             Began as a Hill Orc Fighter on Jan 6, 2021.
             Was a Follower of Beogh.
             Slain by Grinder (5 damage)
             ... on level 4 of the Dungeon.
             The game lasted 00:13:20 (3589 turns).

radhat240 the Skirmisher (Hill Orc Fighter)         Turns: 3589, Time: 00:13:21

Health: -4/61      AC:  8    Str: 21    XL:     7   Next: 14%
Magic:  7/7        EV:  7    Int:  8    God:    Beogh [*.....]
Gold:   285        SH: 11    Dex: 10    Spells: 6/6 levels left

rFire    . . .     SeeInvis .   a - +1 war axe
rCold    . . .     Faith    .   c - +1 kite shield
rNeg     . . .     Spirit   .   b - +0 scale mail
rPois    .         Reflect  .   (no helmet)
rElec    .         Harm     .   i - +0 cloak {Stlth+}
rCorr    .         Rampage  .   (no gloves)
Will     .....                  (no boots)
Stlth    ..........             (no amulet)
HPRegen  0.20/turn              (no ring)
MPRegen  0.10/turn              (no ring)

@: mighty
A: no striking features
a: Renounce Religion


You were on level 4 of the Dungeon.
You worshipped Beogh.
Beogh was aware of your devotion.
You visited 1 branch of the dungeon, and saw 4 of its levels.

You collected 285 gold pieces.

Inventory:

Hand Weapons
 a - a +1 war axe (weapon)
Armour
 b - a +0 scale mail (worn)
 c - a +1 kite shield (worn)
 i - a +0 cloak of stealth (worn)
Scrolls
 f - 2 scrolls of remove curse
Potions
 e - a potion of brilliance


   Skills:
 + Level 5.6 Fighting
 + Level 5.5 Axes
 + Level 5.1 Armour
 + Level 5.1 Shields


You had 6 spell levels left.
You didn't know any spells.
Your spell library was empty.

Dungeon Overview and Level Annotations

Branches:
Dungeon (4/15)
 Temple: D:4-7

Altars:
Dithmenos

Annotations:
D:3 Berzach's ghost, amateur TeMo
D:4 Grinder


Message History

You block Grinder's attack. The adder bites you but does no damage.
You slash Grinder!
Grinder is moderately wounded.
You miss the adder. Grinder closely misses you. You block the adder's attack.
Grinder hits you but does no damage.
You barely miss Grinder.
Grinder is moderately wounded.
Your scale mail prevents you from hitting the adder.
The adder bites you.
* * * LOW HITPOINT WARNING * * *
The adder bites you but does no damage.
Grinder grins, showing sharp teeth.
Grinder hits you but does no damage. The orc wizard barely misses you.
You closely miss Grinder.
Grinder is moderately wounded.
You slash the orc wizard! You barely miss the adder.
The adder barely misses you. Grinder hits you.
* * * LOW HITPOINT WARNING * * *
You writhe in agony.
You die...

#.#.#.# #.# #.# #. #.#.#o# #.#
#####.###. #####.#.#.## #.#
#......... #.....#....###.#
#.###.#### #.##..#........#
#>#...#... .###......#####
#.#.#.#.## #........#########
#.#.#...>. #.$......'....oo.#
#.#.#.....
#.###....#######@#######.#.#.....
# #......+ ..#.S.5...............
#.#.#....###.#.#.#######.#.....#'
#.#.#......#.#.#+#### #.###.#.#.
#.#.######.#.#......# #.# #.#.#.
#.#.######.#.#......# #.# #.#.#.
#.#......#.#.#......# #.# #.#...
#.#..###.#.#.#......# #.# #.....
#.#..# #(......#'#### #.#######.


You could see Grinder, an orc wizard, an adder and an orc.

Vanquished Creatures
  Sigmund (D:2)
  Crazy Yiuf (D:3)
  A gnoll shaman (D:4)
  An iguana (D:3)
  A worker ant (D:4)
  Robin (D:4)
  5 gnolls (D:4)
  6 adders
  An ooze (D:2)
  2 adder skeletons (D:4)
  2 worms
  3 dart slugs
  3 leopard geckos
  5 bats
  3 giant cockroaches
  20 goblins
  11 hobgoblins
  4 jackals (D:4)
  8 kobolds
  3 quokkas
  3 frilled lizards
  12 rats
97 creatures vanquished.

Vanquished Creatures (others)
  An adder (D:3)
  A bat (D:3)
2 creatures vanquished.

Grand Total: 99 creatures vanquished

Notes
Turn   | Place    | Note
-------+----------+-------------------------------------------
     0 | D:1      | radhat240 the Hill Orc Fighter began the quest for the Orb.
     0 | D:1      | Reached XP level 1. HP: 19/19 MP: 1/1
    52 | D:1      | Reached XP level 2. HP: 23/27 MP: 2/2
   345 | D:1      | Reached XP level 3. HP: 33/33 MP: 3/3
   926 | D:2      | Reached XP level 4. HP: 40/40 MP: 4/4
  1014 | D:2      | Noticed Sigmund
  1022 | D:2      | Killed Sigmund
  1023 | D:2      | Reached XP level 5. HP: 20/47 MP: 5/5
  1023 | D:2      | Reached XP level 6. HP: 24/55 MP: 6/6
  1147 | D:2      | Reached skill level 5 in Fighting
  1326 | D:2      | Found a shadowy altar of Dithmenos.
  2091 | D:3      | Found a runed translucent door.
  2092 | D:3      | Noticed Crazy Yiuf
  2190 | D:3      | Killed Crazy Yiuf
  2191 | D:3      | Reached skill level 5 in Axes
  2373 | D:3      | Found a transporter.
  2377 | D:3      | Found a transporter.
  2377 | D:3      | Noticed Berzach's ghost (amateur TeMo)
  2523 | D:3      | Became a worshipper of Beogh the Brigand
  3134 | D:4      | Reached skill level 5 in Armour
  3134 | D:4      | Reached skill level 5 in Shields
  3294 | D:4      | Reached XP level 7. HP: 59/61 MP: 7/7
  3381 | D:4      | Noticed Robin
  3390 | D:4      | Reached * piety under Beogh
  3403 | D:4      | Killed Robin
  3489 | D:4      | Noticed Grinder
  3501 | D:4      | Paralysed by Grinder for 5 turns
  3513 | D:4      | Paralysed by Grinder for 7 turns
  3524 | D:4      | Paralysed by Grinder for 7 turns
  3554 | D:4      | Paralysed by Grinder for 4 turns
  3588 | D:4      | HP: 3/61 [adder (2)]
  3589 | D:4      | HP: 1/61 [Grinder (2)]
  3589 | D:4      | Slain by Grinder

Illustrated notes

Levels and vault maps discovered:
D:1:      shiori_arrival_elements, layout_rooms, minmay_misc_feat_tiny,
          chequers_serial_rivers_micro_a, hex_large
D:2:      layout_rooms, nicolae_dithmenos_shadow_blocks, uniq_sigmund
D:3:      layout_basic, gammafunk_ghost_arena, uniq_crazy_yiuf_cottage
D:4:      layout_basic, uniq_grinder, uniq_robin

Skill      XL: |  1  2  3  4  5  6 |
---------------+-------------------+-----
Axes           | 3 4 5 |  5.5
Fighting       | 4 5 |  5.6
Armour         | 4 5 |  5.1
Shields        | 4 5 |  5.1

Action                   |  1- 3 |  4- 6 |  7- 9 || total
-------------------------+-------+-------+-------++-------
Melee: War axe           |   104 |   149 |    41 ||   294
Invok: Convert to Beogh  |       |     1 |       ||     1
  Use: Scroll            |     5 |     7 |     1 ||    13
       Potion            |     4 |     4 |     2 ||    10
Armor: Scale mail        |    39 |    55 |    28 ||   122
Dodge: Dodged            |    31 |    69 |    19 ||   119
Block: Kite shield       |    57 |   115 |    34 ||   206
